[Event "Titled Tuesday Blitz June 14 Late 2022"]
[White "Al-Tarboush, Ward"]
[Black "Gaisinsky, Adam"]
[WhiteFideId "7601450"]
[BlackFideId "2620561"]
[WhiteElo "2249"]
[BlackElo "1965"]
[Result "0-1"]
[Round "01"]
[TimeControl "180+1"]
[Date "2022.06.15"]
[WhiteClock "0:00:01"]
[BlackClock "0:00:24"]

1. e4 e5 2. Nf3 Nc6 3. Bb5 a6 4. Ba4 Nf6 5. O-O Be7 6. Re1 b5 7. Bb3 O-O 8. c3 d5 9. exd5 Nxd5 10. Nxe5 Nxe5 11. Rxe5 c6 12. d4 Bd6 13. Re1 Qh4 14. g3 Qh3 15. Be3 Ra7 16. Qf3 Re7 17. Nd2 Rfe8 18. Bxd5 cxd5 19. Qg2 Qh5 20. h4 Bg4 21. a4 b4 22. a5 Kh8 23. Rac1 f5 24. Qxd5 Bxg3 25. fxg3 Rxe3 26. Rxe3 Rxe3 27. Nf1 Bf3 28. Qd8+ Re8 29. Qg5 Qxg5 30. hxg5 Re2 31. Ne3 Rxe3 32. Kf2 Rd3 33. cxb4 Kg8 34. Rc3 Be4 35. b5 axb5 36. a6 Rxc3 37. bxc3 Kf7 38. Ke3 Ke6 39. g4 Ba8 40. Kf4 fxg4 41. Kxg4 Kd5 42. Kf4 h5 43. g6 Ke6 44. Kg5 h4 45. Kxh4 Kf5 46. Kg3 Kxg6 47. Kf4 Kf6 48. Ke3 Ke6 49. Kd3 Kd5 50. Kd2 Kc4 51. Kc2 g5 52. Kd2 g4 53. Ke3 g3 54. d5 Bxd5 0-1


[Site "https://www.chess.com"]

[Event "Titled Tuesday Blitz June 14 Late 2022"]
[White "Altman, Joshua"]
[Black "Fedoseev, Vladimir"]
[WhiteFideId "426210"]
[BlackFideId "24130737"]
[WhiteElo "1945"]
[BlackElo "2726"]
[Result "0-1"]
[Round "01"]
[TimeControl "180+1"]
[Date "2022.06.14"]
[WhiteClock "0:01:04"]
[BlackClock "0:01:03"]

1. d4 Nf6 2. c4 e6 3. Nf3 b6 4. g3 Bb7 5. Bg2 Be7 6. O-O O-O 7. Nc3 Ne4 8. Bd2 f5 9. Qc2 Nxc3 10. Bxc3 Be4 11. Qc1 Bf6 12. Rd1 d5 13. b3 Nd7 14. Qb2 c6 15. Rac1 Rc8 16. Bf1 f4 17. Ne5 Bxe5 18. dxe5 fxg3 19. hxg3 Qg5 20. Bg2 Nc5 21. Bd2 Qg4 22. f3 Qxg3 23. Be1 Qg5 24. fxe4 Qe3+ 25. Kh1 Nxe4 26. Qd4 Qh6+ 27. Kg1 Rf4 28. Bd2 Nxd2 29. Qxd2 Rcf8 30. e3 Rf2 31. Qxf2 Rxf2 32. Kxf2 Qh4+ 33. Ke2 Qh2 34. Kf2 Qxe5 35. cxd5 cxd5 36. Rc2 Qf5+ 37. Kg1 Qxc2 38. Rf1 Qxa2 39. Bh3 g6 40. Bxe6+ Kg7 41. Rf7+ Kh6 42. Bxd5 Qd2 43. e4 a5 44. Rf2 Qd4 45. Kf1 Kg5 46. Rg2+ Kf4 47. Rf2+ Kg3 48. Rg2+ Kf3 49. Re2 Qd3 0-1


[Site "https://www.chess.com"]

[Event "Titled Tuesday Blitz June 14 Late 2022"]
[White "Andreikin, Dmitry"]
[Black "Goncalves, Davi Sulzbacher"]
[WhiteFideId "4158814"]
[BlackFideId "2154510"]
[WhiteElo "2736"]
[BlackElo "2107"]
[Result "1-0"]
[Round "01"]
[TimeControl "180+1"]
[Date "2022.06.14"]
[WhiteClock "0:01:40"]
[BlackClock "0:00:22"]

1. d4 Nf6 2. c4 g6 3. Nc3 d5 4. cxd5 Nxd5 5. e4 Nxc3 6. bxc3 Bg7 7. Be3 c5 8. Qd2 Qa5 9. Nf3 O-O 10. Rc1 Rd8 11. d5 e6 12. Bg5 f6 13. Bf4 Qa4 14. c4 Nc6 15. Bd3 Nb4 16. Bb1 exd5 17. cxd5 b6 18. O-O Ba6 19. Rfe1 Rac8 20. h4 f5 21. h5 gxh5 22. Bh6 Qd7 23. Qg5 Qf7 24. a3 Nd3 25. Bxd3 Bxd3 26. Ne5 Qf6 27. Qxg7+ Qxg7 28. Bxg7 Bxe4 29. Bf6 Rd6 30. f3 Bxd5 31. Bg5 Re8 32. Bf4 Rde6 33. Rcd1 Bb7 34. Rd7 Bc8 35. Rxa7 c4 36. Kf2 b5 37. Rd1 Rxe5 38. Bxe5 Rxe5 39. Rd8+ 1-0


[Site "https://www.chess.com"]

[Event "Titled Tuesday Blitz June 14 Late 2022"]
[White "Aravindh, Chithambaram VR."]
[Black "Barria Zuniga, Daniel"]
[WhiteFideId "5072786"]
[BlackFideId "3400816"]
[WhiteElo "2577"]
[BlackElo "2414"]
[Result "1-0"]
[Round "01"]
[TimeControl "180+1"]
[Date "2022.06.14"]
[WhiteClock "0:01:39"]
[BlackClock "0:00:25"]

1. b3 d5 2. Bb2 Bg4 3. h3 Bh5 4. g4 Bg6 5. Bg2 e6 6. Nf3 c5 7. d3 Nc6 8. Nbd2 f6 9. e3 Bd6 10. Qe2 Nge7 11. O-O-O a5 12. a4 b5 13. axb5 Nb4 14. Nh4 a4 15. Nxg6 hxg6 16. c3 a3 17. Ba1 O-O 18. f4 a2 19. cxb4 cxb4 20. Nc4 dxc4 21. dxc4 Qc7 22. Bxa8 Rxa8 23. Qd3 Nd5 24. Rh2 Ra3 25. Rc2 Nxe3 26. Qxd6 1-0


[Site "https://www.chess.com"]

[Event "Titled Tuesday Blitz June 14 Late 2022"]
[White "Babazada, Khazar"]
[Black "Kovanova, Baira"]
[WhiteFideId "13413554"]
[BlackFideId "4164083"]
[WhiteElo "2406"]
[BlackElo "2190"]
[Result "1-0"]
[Round "01"]
[TimeControl "180+1"]
[Date "2022.06.14"]
[WhiteClock "0:01:42"]
[BlackClock "0:00:56"]

1. Nf3 d5 2. g3 Nd7 3. d4 Nb6 4. Bg2 Bf5 5. O-O e6 6. Bf4 Nf6 7. Nbd2 Be7 8. a4 a5 9. c3 O-O 10. h3 h6 11. g4 Bg6 12. Ne5 Bh7 13. Bg3 Bd6 14. f4 Ne4 15. Nxe4 dxe4 16. Qb3 Nd5 17. f5 Bxe5 18. Bxe5 exf5 19. gxf5 Ne3 20. f6 g5 21. c4 Nxf1 22. Rxf1 Qd7 23. Qg3 Rfe8 24. h4 g4 25. Qf4 Kh8 26. Qxh6 Rg8 27. Bxe4 1-0


[Site "https://www.chess.com"]

[Event "Titled Tuesday Blitz June 14 Late 2022"]
[White "Baches Garcia, Guillermo"]
[Black "Jobava, Baadur"]
[WhiteFideId "2209764"]
[BlackFideId "13601520"]
[WhiteElo "2503"]
[BlackElo "2617"]
[Result "1-0"]
[Round "01"]
[TimeControl "180+1"]
[Date "2022.06.14"]
[WhiteClock "0:00:16"]
[BlackClock "0:00:16"]

1. e4 e6 2. d4 d5 3. exd5 exd5 4. Nf3 Bg4 5. h3 Bxf3 6. Qxf3 c6 7. Bd3 Bd6 8. O-O Ne7 9. Bg5 O-O 10. Nd2 Nd7 11. Rfe1 f6 12. Bh4 Re8 13. c3 Nf8 14. Re2 Neg6 15. Bg3 Rxe2 16. Bxe2 Bxg3 17. Qxg3 Qb8 18. Nf1 Qf4 19. Bd3 Re8 20. Rd1 Qxg3 21. Nxg3 Nf4 22. Kf1 g6 23. Ne2 N8e6 24. Nxf4 Nxf4 25. Rd2 Kg7 26. h4 g5 27. g3 Nxd3 28. Rxd3 Kg6 29. hxg5 fxg5 30. g4 a5 31. f3 h5 32. gxh5+ Kxh5 33. Kf2 Kg6 34. Rd1 a4 35. Rg1 a3 36. b3 Rf8 37. Re1 g4 38. Re3 Rh8 39. Kg2 gxf3+ 40. Rxf3 b6 41. Re3 Kf6 42. Rf3+ Ke6 43. Re3+ Kd6 44. Rh3 Rg8+ 45. Kf2 Rg6 46. Rg3 Rh6 47. Kg2 c5 48. Rh3 Rxh3 49. Kxh3 b5 50. b4 cxb4 51. cxb4 Ke7 52. Kg4 Ke6 53. Kg5 Ke7 54. Kg4 Kf7 55. Kf5 Ke7 56. Ke5 Kd7 57. Kxd5 Ke7 58. Kc5 Ke6 59. Kxb5 Kd5 60. Ka4 Kxd4 61. Kxa3 Kd5 62. Kb3 Kc6 63. a4 Kb7 64. a5 Ka6 65. Ka4 Ka7 66. b5 Kb8 67. Kb4 Kb7 68. Kc5 Ka7 69. a6 Ka8 70. Kc6 Kb8 71. Kd6 Ka8 72. Kc7 Ka7 73. b6+ Ka8 74. b7+ Ka7 75. b8=Q+ Kxa6 76. Qb6# 1-0


[Site "https://www.chess.com"]

[Event "Titled Tuesday Blitz June 14 Late 2022"]
[White "Bas Mas, Jose Joaquin"]
[Black "Bluebaum, Matthias"]
[WhiteFideId "22219064"]
[BlackFideId "24651516"]
[WhiteElo "2233"]
[BlackElo "2556"]
[Result "0-1"]
[Round "01"]
[TimeControl "180+1"]
[Date "2022.06.14"]
[WhiteClock "0:00:10"]
[BlackClock "0:01:10"]

1. e4 c6 2. Nf3 d5 3. d3 Qc7 4. g3 dxe4 5. dxe4 e5 6. Bg2 Nf6 7. O-O Bc5 8. Qe2 O-O 9. Bg5 Nbd7 10. Nbd2 h6 11. Be3 Bxe3 12. Qxe3 Nb6 13. h3 Be6 14. b3 Rad8 15. Rfd1 Rd7 16. Nf1 Rfd8 17. Rxd7 Rxd7 18. g4 Nc8 19. Ng3 Ne7 20. Nf5 Ng6 21. g5 hxg5 22. Nxg5 Bxf5 23. exf5 Nf4 24. Re1 Re7 25. c4 Qa5 26. Nf3 Nxg2 27. Kxg2 e4 28. Ng5 Qxa2 29. Rd1 Qa5 30. Rd6 Qxf5 31. Rd8+ Re8 32. Rxe8+ Nxe8 33. Nxe4 Qe5 34. Nc5 Qxe3 35. fxe3 Nd6 36. Kf3 b6 37. Nd7 c5 38. e4 Nb7 39. Ne5 Na5 40. Ke3 Nxb3 41. Nc6 a5 42. Kd3 Kf8 43. Kc3 Nd4 44. Nb8 Ke7 45. Na6 Kd7 46. Nb8+ Kc7 0-1


[Site "https://www.chess.com"]

[Event "Titled Tuesday Blitz June 14 Late 2022"]
[White "Bernat, David"]
[Black "Djokic, Mihailo"]
[WhiteFideId "2099225"]
[BlackFideId "976440"]
[WhiteElo "2325"]
[BlackElo "2255"]
[Result "1-0"]
[Round "01"]
[TimeControl "180+1"]
[Date "2022.06.15"]
[WhiteClock "0:00:04"]
[BlackClock "0:00:02"]

1. c4 e5 2. Nc3 Nc6 3. g3 Bc5 4. Bg2 d6 5. e3 Bf5 6. d3 h5 7. h3 Nf6 8. Nge2 a6 9. a3 Qd7 10. b4 Ba7 11. Bb2 O-O 12. Qd2 Rfe8 13. O-O-O Rab8 14. e4 Bg6 15. f4 Nd4 16. Nxd4 Bxd4 17. f5 Bh7 18. Ne2 Bxb2+ 19. Kxb2 b5 20. g4 Qc6 21. g5 Nd7 22. g6 fxg6 23. Qg5 gxf5 24. exf5 e4 25. Nc3 bxc4 26. Nxe4 c3+ 27. Nxc3 Qb6 28. Bd5+ Kh8 29. Rhg1 Qd4 30. Bf7 Re2+ 31. Kb3 Rf2 32. Qxh5 Rxf5 33. Qg4 Rxf7 34. Qxd4 Ne5 35. Qd5 c6 36. Qg2 Bxd3 37. Ne4 Bc4+ 38. Kb2 Bd5 39. Kc1 Nc4 40. Qg4 Kg8 41. Qh4 Ne3 42. Nf6+ Kf8 43. Qh8+ Ke7 44. Ng8+ Rxg8 45. Qh4+ Rf6 46. Qg5 Nf5 47. Rge1+ Kf7 48. Qf4 Be6 49. Qd2 d5 50. Qc2 Nd6 51. Qxc6 Nc4 52. Qc7+ Kg6 53. Rxe6 Rxe6 54. Qg3+ Kf7 55. Qf3+ Ke7 56. Qxd5 Rc8 57. Qd7+ Kf6 58. Rf1+ Ke5 59. Qxc8 Ne3 60. Qc5+ Ke4 61. Re1 Kf3 62. Qc3 Rc6 63. Qxc6+ 1-0


[Site "https://www.chess.com"]

[Event "Titled Tuesday Blitz June 14 Late 2022"]
[White "Beulen, Marcel"]
[Black "Zhou, Liran"]
[WhiteFideId "1001450"]
[BlackFideId "30931967"]
[WhiteElo "2353"]
[BlackElo "2652"]
[Result "1/2-1/2"]
[Round "01"]
[TimeControl "180+1"]
[Date "2022.06.15"]
[WhiteClock "0:00:45"]
[BlackClock "0:00:18"]

1. e4 c5 2. Nf3 d6 3. Bc4 Nf6 4. d3 e6 5. O-O Be7 6. Bb3 O-O 7. c3 b6 8. Nbd2 Bb7 9. Re1 Nc6 10. Qe2 Rc8 11. a3 d5 12. h3 Na5 13. Bc2 d4 14. c4 Nc6 15. Ba4 a5 16. Bxc6 Bxc6 17. a4 Nd7 18. b3 e5 19. Nf1 g6 20. Bh6 Re8 21. N3h2 Bf6 22. f4 exf4 23. Bxf4 Ne5 24. Nf3 Nxf3+ 25. Qxf3 Bg7 26. Qg3 Qd7 27. Re2 f5 28. e5 Re6 29. Rae1 Rce8 30. Nd2 Qe7 31. h4 h6 32. Nf3 Bxf3 33. gxf3 Kh7 34. Kf1 Kg8 35. Kg1 Kf7 36. Kf1 Rg8 37. Rg2 Re8 38. Rge2 Qf8 39. Rg2 Qh8 40. Rge2 Qf8 41. Rg2 Bh8 42. Rge2 Qg7 43. Rg2 Rg8 44. Ke2 g5 45. hxg5 hxg5 46. Qxg5 Rxe5+ 47. Kd1 Qxg5 48. Rxg5 Rxe1+ 49. Kxe1 Rxg5 50. Bxg5 Bf6 51. Bf4 Bd8 52. Kf2 Bh4+ 53. Kg2 Bd8 54. Kh3 Kg6 55. Bd6 Kf6 56. Bf4 Kg6 57. Bd6 Kg5 58. Kg3 Kf6 1/2-1/2


[Site "https://www.chess.com"]

[Event "Titled Tuesday Blitz June 14 Late 2022"]
[White "Boder, Jan"]
[Black "Hambleton, Aman"]
[WhiteFideId "16243226"]
[BlackFideId "2606577"]
[WhiteElo "2064"]
[BlackElo "2552"]
[Result "0-1"]
[Round "01"]
[TimeControl "180+1"]
[Date "2022.06.15"]
[WhiteClock "0:00:01"]
[BlackClock "0:00:01"]

1. c4 c5 2. g3 e6 3. Nf3 b6 4. Bg2 Bb7 5. O-O Nf6 6. b3 Be7 7. Bb2 d6 8. Nc3 Nbd7 9. d4 cxd4 10. Nxd4 Bxg2 11. Kxg2 Qc7 12. Kg1 a6 13. Qd2 O-O 14. Rac1 Rac8 15. Rfd1 Qb7 16. Ba3 Rfd8 17. Nf3 b5 18. cxb5 axb5 19. Bb4 Ne8 20. Nd4 Nc7 21. e3 Ne5 22. Qe2 Na6 23. Ba5 Re8 24. Ncxb5 Nc5 25. f4 Ned7 26. b4 Ne4 27. Nc7 Rf8 28. Nc6 Bf6 29. Nd4 d5 30. a4 Bd8 31. Ndb5 Bxc7 32. Rxc7 Rxc7 33. Nxc7 Rc8 34. Rc1 h5 35. Qxh5 d4 36. Qe2 Ndf6 37. exd4 Qa8 0-1


[Site "https://www.chess.com"]

[Event "Titled Tuesday Blitz June 14 Late 2022"]
[White "Bortnyk, Olexandr"]
[Black "Moral Garcia, Serafin"]
[WhiteFideId "14120828"]
[BlackFideId "2201925"]
[WhiteElo "2723"]
[BlackElo "2251"]
[Result "1-0"]
[Round "01"]
[TimeControl "180+1"]
[Date "2022.06.14"]
[WhiteClock "0:02:44"]
[BlackClock "0:01:06"]

1. d4 Nf6 2. Nc3 d5 3. Bf4 g6 4. e3 Bg7 5. h4 h5 6. Nb5 Na6 7. Nf3 c6 8. Nc3 Nc7 9. Ne5 O-O 10. Bd3 Ng4 11. Nxg4 Bxg4 12. f3 Be6 13. g4 hxg4 14. fxg4 Qd7 15. Rg1 Bf6 16. g5 Bg7 17. h5 Bf5 18. Bxf5 Qxf5 19. Bxc7 1-0


[Site "https://www.chess.com"]

[Event "Titled Tuesday Blitz June 14 Late 2022"]
[White "Chan, Kim Yew"]
[Black "Bryakin, Mikhail"]
[WhiteFideId "5717981"]
[BlackFideId "4165314"]
[WhiteElo "2206"]
[BlackElo "2417"]
[Result "0-1"]
[Round "01"]
[TimeControl "180+1"]
[Date "2022.06.15"]
[WhiteClock "0:00:18"]
[BlackClock "0:00:26"]

1. Nf3 Nf6 2. g3 g6 3. Bg2 Bg7 4. c4 O-O 5. d4 c6 6. O-O d5 7. Qb3 dxc4 8. Qxc4 Be6 9. Qd3 a5 10. Nc3 Na6 11. a3 Nc7 12. e4 h6 13. Be3 Ng4 14. Bf4 Rc8 15. Na4 Na6 16. Rfd1 b5 17. h3 Nf6 18. Ne5 Nd7 19. Nxd7 Bxd7 20. Rac1 Re8 21. Nc5 Nxc5 22. Rxc5 Qb6 23. Rdc1 Be6 24. e5 Bc4 25. Qd1 a4 26. Bf1 Bb3 27. Qd2 g5 28. Be3 Qb7 29. Bg2 Bd5 30. Bxd5 cxd5 31. Qc3 Rxc5 32. Qxc5 e6 33. Bd2 Bf8 34. Qc7 Qxc7 35. Rxc7 b4 36. Ra7 bxa3 37. bxa3 Bxa3 38. Rxa4 Bb2 39. Rb4 Ba1 40. Ra4 Bb2 41. Rb4 Ba3 42. Ra4 Bf8 43. Bb4 Bxb4 44. Rxb4 Kg7 45. Kg2 Kg6 46. Kf3 h5 47. Ke3 Ra8 48. Rb3 Ra1 49. Kf3 Rd1 50. Rb4 Kf5 51. g4+ Kg6 52. Ke2 Rh1 53. Rb3 Rg1 54. Rg3 Rxg3 55. fxg3 hxg4 56. hxg4 f6 57. exf6 Kxf6 58. Kd3 e5 59. dxe5+ Kxe5 60. Ke3 d4+ 61. Kd3 Kd5 62. Kd2 Ke4 63. Ke2 d3+ 64. Kd2 Kd4 65. Kd1 Ke3 66. Ke1 Kf3 67. Kd2 Kxg4 68. Kxd3 Kxg3 69. Ke2 Kg2 0-1


[Site "https://www.chess.com"]

[Event "Titled Tuesday Blitz June 14 Late 2022"]
[White "Cruz Mendez, Jean Marco"]
[Black "Kamsky, Gata"]
[WhiteFideId "3526402"]
[BlackFideId "2000024"]
[WhiteElo "2064"]
[BlackElo "2645"]
[Result "0-1"]
[Round "01"]
[TimeControl "180+1"]
[Date "2022.06.14"]
[WhiteClock "0:01:25"]
[BlackClock "0:01:48"]

1. Nf3 g6 2. d4 Bg7 3. b3 Nf6 4. Bb2 O-O 5. e3 c5 6. Nbd2 cxd4 7. Nxd4 d6 8. c4 Nc6 9. N2f3 Qa5+ 10. Qd2 Qxd2+ 11. Nxd2 Nd7 12. N2f3 Nc5 13. O-O-O a5 14. Nb5 Ne4 15. Bxg7 Kxg7 16. Rd2 Nxd2 17. Nxd2 Bd7 18. Kb2 a4 19. Bd3 axb3 20. axb3 Nb4 21. Bb1 Ra5 22. Nc3 b5 23. f3 Rb8 24. Rc1 bxc4 25. Nxc4 Ra7 26. e4 Be6 27. Ne3 Na6 28. Ned5 Nc5 29. Bc2 Rab7 30. b4 Na6 31. b5 Bxd5 32. exd5 Nc7 33. Bd3 Nxb5 34. Bxb5 Rxb5+ 35. Nxb5 Rxb5+ 0-1


[Site "https://www.chess.com"]

[Event "Titled Tuesday Blitz June 14 Late 2022"]
[White "Daggupati, Balaji"]
[Black "Pace, Christopher"]
[WhiteFideId "2090759"]
[BlackFideId "2610167"]
[WhiteElo "2712"]
[BlackElo "2397"]
[Result "1-0"]
[Round "01"]
[TimeControl "180+1"]
[Date "2022.06.15"]
[WhiteClock "0:00:31"]
[BlackClock "0:00:05"]

1. e4 e5 2. Nf3 Nc6 3. Bb5 Nf6 4. O-O Nxe4 5. d4 Nd6 6. Bg5 Be7 7. Bxe7 Qxe7 8. dxe5 Nxb5 9. a4 Nbd4 10. Nxd4 O-O 11. Re1 f6 12. Nb5 fxe5 13. Nxc7 Rb8 14. Nc3 d6 15. N7b5 Bf5 16. Nd5 Qe6 17. Ne3 a6 18. Nc3 Bg6 19. Qd5 Qxd5 20. Ncxd5 Rf7 21. c3 Rbf8 22. f3 h5 23. Nc4 Rd7 24. Rad1 Bf7 25. Ndb6 Bxc4 26. Nxd7 Rd8 27. Rxd6 1-0


[Site "https://www.chess.com"]

[Event "Titled Tuesday Blitz June 14 Late 2022"]
[White "Deac, Bogdan-Daniel"]
[Black "Vujic, Mihailo"]
[WhiteFideId "1226380"]
[BlackFideId "918873"]
[WhiteElo "2648"]
[BlackElo "2256"]
[Result "1-0"]
[Round "01"]
[TimeControl "180+1"]
[Date "2022.06.14"]
[WhiteClock "0:00:50"]
[BlackClock "0:00:02"]

1. e4 e5 2. Nf3 Nc6 3. Bb5 f5 4. d3 fxe4 5. dxe4 Nf6 6. O-O Bc5 7. Nc3 d6 8. Bg5 O-O 9. Nd5 Kh8 10. Nxf6 gxf6 11. Be3 Bb6 12. Nd2 f5 13. Bxb6 axb6 14. f4 Nd4 15. Bd3 Qh4 16. fxe5 f4 17. exd6 Bg4 18. Qe1 Qg5 19. Qf2 c5 20. c3 Nc6 21. Be2 Ne5 22. Kh1 f3 23. Nxf3 Bxf3 24. Bxf3 Rad8 25. Rad1 Rf6 26. Rd5 Rfxd6 27. Rxd6 Rxd6 28. Be2 Rd8 29. b4 cxb4 30. cxb4 b5 31. g3 Ng6 32. Qf5 Qxf5 33. exf5 Ne5 34. f6 Kg8 35. Rf5 1-0


[Site "https://www.chess.com"]

[Event "Titled Tuesday Blitz June 14 Late 2022"]
[White "Diem, Thomas"]
[Black "Florescu, Codrut-Constantin"]
[WhiteFideId "30937841"]
[BlackFideId "1202200"]
[WhiteElo "2219"]
[BlackElo "2191"]
[Result "0-1"]
[Round "01"]
[TimeControl "180+1"]
[Date "2022.06.15"]
[WhiteClock "0:00:06"]
[BlackClock "0:00:13"]

1. c4 e6 2. Nf3 d5 3. e3 Nf6 4. Nc3 c5 5. cxd5 exd5 6. d4 Nc6 7. Be2 Bd6 8. O-O O-O 9. dxc5 Bxc5 10. b3 a6 11. Bb2 Ba7 12. Rc1 Bg4 13. Nd4 Bd7 14. Nxc6 bxc6 15. Bf3 Qe7 16. Qd3 Bb8 17. Na4 Qd6 18. g3 Ba7 19. Bd4 Bh3 20. Rfd1 Rfc8 21. Bxa7 Rxa7 22. Nc5 a5 23. a4 h5 24. Qd4 Raa8 25. Qh4 Bg4 26. Bxg4 hxg4 27. Rd4 Rab8 28. Qg5 Re8 29. Kg2 Rb6 30. Qf4 Qxf4 31. Rxf4 Reb8 32. Rxf6 gxf6 33. Nd7 R8b7 34. Nxb6 Rxb6 35. Rc5 Kg7 36. Rc3 f5 37. Kf1 Kf6 38. Ke2 Ke5 39. Kd3 Kd6 40. Kc2 c5 41. Rd3 Rb4 42. Kc3 Kc6 43. Rd1 c4 44. bxc4 Rxc4+ 45. Kb3 Rb4+ 46. Ka3 Kd6 47. Rh1 Rc4 48. h4 gxh3 49. Rxh3 Rc2 50. f3 Rc3+ 51. Kb2 Rxe3 52. Rh6+ Kc5 53. Rf6 Rxf3 54. Rxf7 Kc4 55. g4 fxg4 56. Rc7+ Kd4 57. Ra7 g3 58. Rxa5 g2 59. Ra8 g1=Q 60. Rd8 0-1


[Site "https://www.chess.com"]

[Event "Titled Tuesday Blitz June 14 Late 2022"]
[White "Djabri,Massinas"]
[Black "Riehle, Marco"]
[WhiteFideId "7905726"]
[BlackFideId "12904392"]
[WhiteElo "1941"]
[BlackElo "2462"]
[Result "0-1"]
[Round "01"]
[TimeControl "180+1"]
[Date "2022.06.15"]
[WhiteClock "0:00:48"]
[BlackClock "0:01:01"]

1. d4 d5 2. c4 e6 3. Nf3 Nf6 4. g3 dxc4 5. Bg2 Bb4+ 6. Bd2 a5 7. O-O O-O 8. a3 Bxd2 9. Nbxd2 b5 10. a4 c6 11. Qc2 Na6 12. Ne5 Nb4 13. Qc1 Nfd5 14. axb5 cxb5 15. Ne4 f6 16. Nf3 Qb6 17. Nc5 e5 18. e3 exd4 19. exd4 Bf5 20. Re1 Rfe8 21. Qd2 Rad8 22. Nh4 Bd3 23. Rxe8+ Rxe8 24. Re1 Qd8 25. Bh3 Nc7 26. Nf5 Rxe1+ 27. Qxe1 Bxf5 28. Bxf5 Qe8 29. Qd2 g6 30. Bh3 Kg7 31. Bg2 Qe7 32. h4 h5 33. Qf4 Nd3 34. Qxc7 Qxc7 35. Ne6+ Kh6 36. Nxc7 b4 37. d5 c3 38. bxc3 bxc3 0-1


[Site "https://www.chess.com"]

[Event "Titled Tuesday Blitz June 14 Late 2022"]
[White "Dubov, Daniil"]
[Black "Mortazavi, Ali"]
[WhiteFideId "24126055"]
[BlackFideId "401323"]
[WhiteElo "2791"]
[BlackElo "2339"]
[Result "1-0"]
[Round "01"]
[TimeControl "180+1"]
[Date "2022.06.14"]
[WhiteClock "0:01:58"]
[BlackClock "0:00:41"]

1. c4 Nf6 2. Nc3 g6 3. e4 d6 4. d4 Bg7 5. f4 O-O 6. Nf3 c5 7. d5 e6 8. dxe6 Bxe6 9. Bd3 Bg4 10. O-O Nc6 11. h3 Bxf3 12. Qxf3 a6 13. Be3 Rb8 14. Rad1 Nd4 15. Qf2 Re8 16. a4 Qa5 17. f5 Qb4 18. Bg5 Nd7 19. fxg6 fxg6 20. Qf7+ Kh8 21. Qxd7 Qxb2 22. Nd5 Rf8 23. Qxd6 Rbe8 24. Bf6 Bxf6 25. Nxf6 Nf5 26. Nxe8 Nxd6 27. Rxf8# 1-0


[Site "https://www.chess.com"]

[Event "Titled Tuesday Blitz June 14 Late 2022"]
[White "Eynullayev, Atilla"]
[Black "Svane, Rasmus"]
[WhiteFideId "13413570"]
[BlackFideId "4657101"]
[WhiteElo "1936"]
[BlackElo "2674"]
[Result "0-1"]
[Round "01"]
[TimeControl "180+1"]
[Date "2022.06.14"]
[WhiteClock "0:00:09"]
[BlackClock "0:00:22"]

1. e4 c6 2. d4 d5 3. e5 Bf5 4. Bd3 Bxd3 5. Qxd3 Qa5+ 6. Nc3 e6 7. Ne2 c5 8. Bd2 Qa6 9. Qh3 Nc6 10. dxc5 Bxc5 11. Qg3 Nge7 12. O-O O-O 13. Rfe1 Nf5 14. Qf4 Rac8 15. a3 Ncd4 16. Rac1 Nxe2+ 17. Nxe2 Rfd8 18. Bb4 Bxb4 19. Qxb4 Rc4 20. Qd2 Rdc8 21. c3 b5 22. Nd4 Nxd4 23. cxd4 Qc6 24. Rxc4 Qxc4 25. f3 h6 26. Re2 a5 27. Kf2 b4 28. axb4 axb4 29. Qe3 Qa2 30. g4 b3 31. Qd3 Rc4 32. h4 Qa4 33. Rd2 g6 34. h5 g5 35. Kg3 Rc2 36. f4 gxf4+ 37. Kxf4 Qc4 38. Ke3 Qc7 39. Qxb3 Rc1 40. Rd3 Qd8 41. Rc3 Qg5+ 42. Kd3 Rf1 43. Qb8+ Kg7 44. Kc2 Qc1+ 45. Kb3 Qd1+ 46. Ka3 Qxd4 47. Rc8 Rf3+ 48. Ka2 Qa4+ 49. Kb1 Rf1+ 50. Rc1 Qe4+ 0-1


[Site "https://www.chess.com"]

[Event "Titled Tuesday Blitz June 14 Late 2022"]
[White "Fishbein, Mitch"]
[Black "Maltsevskaya, Aleksandra"]
[WhiteFideId "30922917"]
[BlackFideId "24174041"]
[WhiteElo "1939"]
[BlackElo "2243"]
[Result "1-0"]
[Round "01"]
[TimeControl "180+1"]
[Date "2022.06.15"]
[WhiteClock "0:00:22"]
[BlackClock "0:00:05"]

1. e4 c5 2. Nf3 e6 3. d3 Nc6 4. Nbd2 d5 5. g3 Nf6 6. Bg2 b6 7. O-O Bb7 8. Re1 Be7 9. Qe2 dxe4 10. dxe4 O-O 11. c3 a6 12. Nc4 b5 13. Rd1 Qe8 14. Nd6 Bxd6 15. Rxd6 Na5 16. Ne5 Qe7 17. Rd1 Rfd8 18. Bf4 h6 19. h4 Rxd1+ 20. Rxd1 Rd8 21. Rxd8+ Qxd8 22. Nd3 Qe7 23. Qe3 Nc4 24. Qxc5 Qd8 25. Qd4 Qxd4 26. cxd4 Bxe4 27. Bxe4 Nxe4 28. b3 Nb6 29. Nc5 Nc3 30. Nxa6 Nxa2 31. Nc7 Nc3 32. Bd2 Ne2+ 33. Kf1 Nxd4 34. Be3 e5 35. Nxb5 Nxb5 36. Bxb6 e4 37. Ke2 f5 38. Ke3 g5 39. hxg5 hxg5 40. Bd8 g4 41. Kf4 Nd4 42. Bb6 Nxb3 43. Kxf5 Nd2 44. Be3 Nc4 45. Kxe4 Kf7 46. Kf4 Ke6 47. Kxg4 Ke5 48. Bc1 Ke4 49. f4 Nb6 50. Kg5 Nd5 51. g4 Nc7 52. f5 Kd5 53. Kf6 Ne8+ 54. Ke7 Nd6 55. Bf4 Ne4 56. f6 Nc5 57. f7 Ne6 58. f8=Q Nxf8 59. Kxf8 Ke6 60. Kg7 1-0


[Site "https://www.chess.com"]

[Event "Titled Tuesday Blitz June 14 Late 2022"]
[White "Gallegos Diaz, Carlos Alberto"]
[Black "Ivanisevic, Ivan"]
[WhiteFideId "3900886"]
[BlackFideId "912417"]
[WhiteElo "2362"]
[BlackElo "2535"]
[Result "0-1"]
[Round "01"]
[TimeControl "180+1"]
[Date "2022.06.15"]
[WhiteClock "0:00:19"]
[BlackClock "0:00:16"]

1. e4 e5 2. Nf3 Nc6 3. Bb5 a6 4. Ba4 Nf6 5. O-O Be7 6. Re1 b5 7. Bb3 O-O 8. a4 Na5 9. Ba2 d5 10. exd5 e4 11. Ng5 Nxd5 12. Nxe4 Nb4 13. axb5 axb5 14. d3 Bb7 15. Nbc3 Nxa2 16. Nxa2 f5 17. Nd2 Nc6 18. c3 Qxd3 19. Qf3 Qxf3 20. Nxf3 f4 21. Bd2 Bd6 22. Nb4 Nxb4 23. cxb4 Bxf3 24. gxf3 Kf7 25. Ra5 Rab8 26. Bc3 g5 27. Rd1 Kg6 28. Rd5 Rf5 29. Rxf5 Kxf5 30. h3 h5 31. Kf1 g4 32. hxg4+ hxg4 33. Ke2 Re8+ 34. Kd3 gxf3 35. Rxb5+ Kg4 36. Bf6 Kh3 37. Rg5 Re2 38. Bd4 Bxb4 39. Rg7 c5 40. Rh7+ Kg2 41. Rg7+ Kf1 42. Be5 Rxe5 43. Kc4 Kxf2 44. b3 Ke2 0-1


[Site "https://www.chess.com"]

[Event "Titled Tuesday Blitz June 14 Late 2022"]
[White "Garagulya, Konstantin"]
[Black "Livaic, Leon"]
[WhiteFideId "4128931"]
[BlackFideId "14531534"]
[WhiteElo "2329"]
[BlackElo "2540"]
[Result "0-1"]
[Round "01"]
[TimeControl "180+1"]
[Date "2022.06.14"]
[WhiteClock "0:00:04"]
[BlackClock "0:00:05"]

1. d4 e6 2. Nf3 Nf6 3. Bg5 c5 4. Nbd2 cxd4 5. Nxd4 d5 6. e3 e5 7. N4f3 Nc6 8. Bb5 e4 9. Nd4 Bd7 10. N2b3 Be7 11. O-O O-O 12. c4 Ne5 13. cxd5 Bg4 14. Be2 Bxe2 15. Nxe2 Nxd5 16. Bxe7 Nxe7 17. Ng3 f5 18. Nd4 Qb6 19. Qb3+ Qxb3 20. axb3 g6 21. Rfc1 N7c6 22. Nge2 a6 23. Rc3 Rf6 24. h3 Raf8 25. Rac1 g5 26. Nxc6 Nxc6 27. Rc5 h6 28. Rd1 Kg7 29. Rd7+ R8f7 30. Rxf7+ Kxf7 31. g4 f4 32. Nc3 fxe3 33. fxe3 Rf3 34. Nxe4 Rxe3 35. Nd6+ Ke6 36. Nxb7 Nd4 37. Ra5 Rxh3 38. Rxa6+ Ke5 39. b4 Kf4 40. Nc5 Kxg4 41. Ra3 Nf3+ 42. Kf1 Rh1+ 43. Kg2 Rh2+ 44. Kf1 Rxb2 45. Nd3 Rb1+ 46. Kf2 Nd4 47. Rc3 Kf5 48. Rc4 Ke4 49. Nc5+ Kd5 50. Rc3 Rxb4 51. Nd3 Ra4 52. Ke3 Nf5+ 53. Kf3 g4+ 54. Kg2 h5 55. Rb3 Kc4 56. Nc1 Ra1 0-1


[Site "https://www.chess.com"]